 Dungeon Crawl Stone Soup version 0.30-a0-1018-g25214051b3 (webtiles) character file.

Game seed: 13902946282084425828

501218 Sobieck the Slayer (level 24, -80/214 HPs)
             Began as a Mummy Hunter on Apr 5, 2023.
             Was the Champion of Okawaru.
             Killed by dispel undead
             ... invoked by a Tzitzimitl
             ... called by a doom hound
              (88 damage)
             ... on level 3 of the Depths on Apr 7, 2023.
             The game lasted 02:27:41 (52671 turns).

Sobieck the Slayer (Mummy Hunter)                  Turns: 52671, Time: 02:27:41

Health: -80/214    AC: 15    Str: 16    XL:     24   Next: 5%
Magic:  26/32      EV: 46    Int:  8    God:    Okawaru [******]
Gold:   5376       SH: 30    Dex: 39    Spells: 17/23 levels left

rFire   + + +      SeeInvis +    a - +10 hand crossbow of the Other Side {flame, Dex+5 Stlth+, crossbow}
rCold   + + .      Faith    +    Q - +5 kite shield of Dokau {rN+ Dex+2}
rNeg    + + +      Spirit   .    G - +4 troll leather armour
rPois   ∞          Reflect  +    l - -1 hat of Complete Protection {rF+ Dex+2 Slay+6}
rElec   +          Rampage  .    U - scarf {rC+ rF+}
rCorr   .                        j - +2 pair of gloves of Beyond {rPois rF++ Dex-4}
Will    +++..                    t - +1 pair of boots "Elumeen" {rElec}
Stlth   +++++++                  P - amulet "Xynec" {Reflect Dex+3 Slay+3 SH+5}
HPRegen 1.35/turn                k - +6 ring of dexterity
MPRegen 0.23/turn                S - ring of see invisible

@: heroic, finesse-ful, studying Summonings
A: cold resistance 1, negative energy resistance 3, torment resistance 2, heat
vulnerability 1, in touch with death 2, no potions, faith
}: 2/15 runes: decaying, gossamer
a: Renounce Religion, Heroism, Finesse, Duel


You were on level 3 of the Depths.
You worshipped Okawaru.
Okawaru was exalted by your worship.
You visited 10 branches of the dungeon, and saw 45 of its levels.
You also visited: Ossuary and Ice Cave.

You collected 6475 gold pieces.
You spent 1099 gold pieces at shops.


Innate Abilities, Weirdness & Mutations

You are immune to poison.
Your flesh is cold resistant. (rC+)
You are immune to negative energy. (rN+++)
You are immune to unholy pain and torment.
You are vulnerable to heat. (rF-)
You are strongly in touch with the powers of death.
You do not drink.
You have a special connection with the divine. (Faith)


   Skills:
 - Level 23.0(27) Fighting
 - Level 18.0(23.0) Ranged Weapons
 - Level 7.0(12.0) Armour
 - Level 19.0(24.0) Dodging
 - Level 5.0(10.0) Stealth
 - Level 15.0(20.0) Shields
 - Level 4.0 Hexes
 + Level 3.8 Translocations
 - Level 12.0 Invocations


You had 17 spell levels left.
You knew the following spells:

 Your Spells              Type           Power      Damage    Failure   Level
a - Portal Projectile     Hex/Tloc       12%        N/A       41%         3
b - Swiftness             Air            0%         N/A       91%         3

Your spell library contained the following spells:

 Spells                   Type           Power      Damage    Failure   Level
 Apportation              Tloc           12%        N/A       16%         1
 Gell's Gravitas          Tloc           6%         N/A       41%         3
 Teleport Other           Tloc           6%         N/A       41%         3
 Ensorcelled Hibernation  Hex/Ice        6%         N/A       43%         2
 Freeze                   Ice            0%         1d3       56%         1
 Magic Dart               Conj           0%         1d3       56%         1
 Necrotise                Necr           0%         1d4       56%         1
 Sting                    Tmut/Pois      0%         1d3       56%         1
 Dazzling Flash           Conj/Hex       6%         N/A       67%         3
 Vhi's Electric Charge    Tloc/Air       6%         N/A       69%         3
 Cigotuvi's Dreadful Rot  Necr/Pois/Air  0%         N/A       71%         2
 Passwall                 Tmut/Erth      0%         N/A       71%         2
 Poisonous Vapours        Pois/Air       0%         N/A       71%         2
 Searing Ray              Conj           0%         2d4       71%         2
 Ignite Poison            Fire/Tmut/Pois 0%         N/A       91%         3
 Mephitic Cloud           Conj/Pois/Air  0%         N/A       91%         3
 Stone Arrow              Conj/Erth      0%         3d7       91%         3
 Fulminant Prism          Conj/Hex       1%         3d5       97%         4
 Iskenderun's Mystic Bla  Conj/Tloc      3%         2d3       97%         4
 Leda's Liquefaction      Hex/Erth       1%         N/A       97%         4
 Dispel Undead            Necr           0%         3d6       100%        4
 Olgreb's Toxic Radiance  Pois           0%         N/A       100%        4
 Sticky Flame             Conj/Fire      0%         2d3       100%        4
 Agony                    Necr           0%         N/A       100%        5
 Alistair's Intoxication  Tmut/Pois      0%         N/A       100%        5
 Freezing Cloud           Conj/Ice/Air   0%         6-21      100%        5
 Silence                  Hex/Air        1%         N/A       100%        5
 Conjure Ball Lightning   Conj/Air       0%         3x3d6     100%        6
 Dispersal                Tloc           3%         N/A       100%        6
 Discord                  Hex            3%         N/A       100%        8
 Disjunction              Tloc           3%         N/A       100%        8
 Ignition                 Fire           0%         3d3       100%        8
 Lehudib's Crystal Spear  Conj/Erth      0%         10d2      100%        8
 Summon Small Mammal      Summ           Unusable   N/A       N/A         1
 Summon Guardian Golem    Hex/Summ       Unusable   N/A       N/A         3
 Call Imp                 Summ           Unusable   N/A       N/A         2
 Wereblood                Tmut           Unusable   N/A       N/A         2
 Call Canine Familiar     Summ           Unusable   N/A       N/A         3
 Animate Armour           Summ/Erth      Unusable   N/A       N/A         4
 Ice Form                 Ice/Tmut       Unusable   N/A       N/A         4
 Summon Ice Beast         Ice/Summ       Unusable   N/A       N/A         4
 Summon Forest            Summ/Tloc      Unusable   N/A       N/A         5
 Summon Mana Viper        Hex/Summ       Unusable   N/A       N/A         5
 Death Channel            Necr           Unusable   N/A       N/A         6
 Statue Form              Tmut/Erth      Unusable   N/A       N/A         6
 Summon Cactus Giant      Summ           Unusable   N/A       N/A         6
 Haunt                    Necr/Summ      Unusable   N/A       N/A         7
 Malign Gateway           Summ/Tloc      Unusable   N/A       N/A         7
 Monstrous Menagerie      Summ           Unusable   N/A       N/A         7
 Spellforged Servitor     Conj/Summ      Unusable   N/A       N/A         7
 Storm Form               Tmut/Air       Unusable   N/A       N/A         7
 Necromutation            Tmut/Necr      Unusable   N/A       N/A         8
 Summon Horrible Things   Summ           Unusable   N/A       N/A         8

Inventory:

Hand Weapons
 a - the +10 hand crossbow of the Other Side (weapon) {flame, Dex+5 Stlth+, crossbow}
   (Okawaru gifted it to you on level 2 of the Orcish Mines)

   Dex:       It affects your dexterity (+5).
   Stlth:     It makes you more stealthy.
 b - a +5 heavy hand crossbow {crossbow}
   (Okawaru gifted it to you on level 2 of the Elven Halls)
 c - the +3 sling of the Queen {heavy, rPois Str+2 Int+5}
   (You found it on level 4 of the Vaults)

   Str:       It affects your strength (+2).
   Int:       It affects your intelligence (+5).
   rPois:     It protects you from poison.
 d - the +7 arbalest of Gackout {freeze, rF- rN+++ Str+2 Dex+4, crossbow}
   (You found it on level 11 of the Dungeon)

   Str:       It affects your strength (+2).
   Dex:       It affects your dexterity (+4).
   rF:        It makes you vulnerable to fire.
   rN:        It renders you almost immune to negative energy.
 i - a +1 arbalest of freezing {crossbow}
   (Okawaru gifted it to you on level 2 of the Lair of Beasts)
 p - a +9 arbalest of flaming {crossbow}
   (You acquired it in an ossuary)
 Y - a +3 hand crossbow of electrocution {crossbow}
   (Okawaru gifted it to you on level 1 of the Depths)
Missiles
 s - 16 poisoned darts {throwing}
 E - 23 javelins {throwing}
Armour
 j - the +2 pair of gloves of Beyond (worn) {rPois rF++ Dex-4}
   (You bought it in a shop on level 2 of the Orcish Mines)

   Dex:       It affects your dexterity (-4).
   rF:        It greatly protects you from fire.
   rPois:     It protects you from poison.
 l - the -1 hat of Complete Protection (worn) {rF+ Dex+2 Slay+6}
   (Okawaru gifted it to you on level 10 of the Dungeon)

   Dex:       It affects your dexterity (+2).
   Slay:      It affects your accuracy & damage with ranged weapons and melee
   (+6).
   rF:        It protects you from fire.
 t - the +1 pair of boots "Elumeen" (worn) {rElec}
   (Okawaru gifted it to you on level 2 of the Depths)

   rElec:     It insulates you from electricity.
 G - a +4 troll leather armour (worn)
   (You found it on level 1 of the Vaults)
 Q - the +5 kite shield of Dokau (worn) {rN+ Dex+2}
   (Okawaru gifted it to you on level 2 of the Spider Nest)

   Dex:       It affects your dexterity (+2).
   rN:        It protects you from negative energy.
 U - a scarf of resistance (worn)
   (You found it in an ice cave)
Jewellery
 k - a +6 ring of dexterity (left hand)
   (You bought it in a shop on level 2 of the Orcish Mines)
 m - a ring of resist corrosion
   (You took it off a vampire mage on level 2 of the Crypt)
 o - an amulet of reflection
   (You found it on level 5 of the Lair of Beasts)
 v - a +4 ring of protection
   (You found it on level 3 of the Dungeon)
 y - a ring of willpower
   (You found it on level 3 of the Dungeon)
 B - a ring of protection from cold
   (You found it on level 3 of the Swamp)
 D - a ring of wizardry
   (You found it on level 2 of the Lair of Beasts)
 K - a ring of flight
   (You found it on level 1 of the Vaults)
 N - a ring of willpower
   (You found it on level 14 of the Dungeon)
 O - a ring of protection from cold
   (You found it on level 3 of the Spider Nest)
 P - the amulet "Xynec" (around neck) {Reflect Dex+3 Slay+3 SH+5}
   (You took it off a deep elf annihilator on level 3 of the Elven Halls)

   [amulet of reflection]

   It reflects blocked missile attacks.
   Dex:       It affects your dexterity (+3).
   Slay:      It affects your accuracy & damage with ranged weapons and melee
   (+3).
   SH:        It affects your SH (+5).
 S - a ring of see invisible (right hand)
   (You found it on level 4 of the Spider Nest)
Wands
 z - a wand of roots (61)
   (You found it on level 9 of the Dungeon)
 F - a wand of paralysis (32)
   (You found it on level 5 of the Lair of Beasts)
 T - a wand of polymorph (11)
   (You found it on level 1 of the Spider Nest)
 V - a wand of digging (16)
   (You found it on level 3 of the Spider Nest)
 W - a wand of flame (52)
   (You found it on level 8 of the Dungeon)
 Z - a wand of acid (36)
   (You took it off a kobold brigand on level 8 of the Dungeon)
Scrolls
 f - 2 scrolls of enchant armour
 g - 7 scrolls of fog
 q - 32 scrolls of teleportation {@r4}
 u - 5 scrolls of vulnerability {!r!r}
 w - 3 scrolls of silence {!r}
 x - 4 scrolls of poison
 A - 8 scrolls of magic mapping {!r}
 C - 36 scrolls of identify {@r1}
 H - a scroll of fear
 J - 3 scrolls of blinking {!r}
 M - 7 scrolls of amnesia
 R - 10 scrolls of noise {!r}
 X - 9 scrolls of immolation {!r!r}
Miscellaneous
 e - a box of beasts
   (You found it on level 14 of the Dungeon)
 h - a tin of tremorstones (2/2) {throwing}
   (You found it on level 1 of the Swamp)
 n - a phantom mirror
   (You found it on level 3 of the Elven Halls)
 r - a lightning rod (4/4)
   (You found it on level 9 of the Dungeon)
 I - a phial of floods
   (You found it on level 3 of the Elven Halls)
 L - a condenser vane
   (You found it on level 14 of the Dungeon)

Dungeon Overview and Level Annotations

Branches:
Dungeon (15/15) Zot: 26046  Temple (1/1) D:4 Zot: 5834    Lair (5/5) D:10 Zot: 23848
  Swamp (4/4) Lair:2 Zot: 20459  Spider (4/4) Lair:3 Zot: 18083   Slime (0/5) Lair:4
    Orc (2/2) D:11 Zot: 9581     Elf (3/3) Orc:2 Zot: 14867  Vaults (4/5) D:13 Zot: 17771
  Crypt (3/3) Vaults:3 Zot: 14369    Tomb (0/3) Crypt:3      Depths (4/4) D:15 Zot: 17535
    Zot (0/5) Depths:4    Ossuary (visited)           IceCv (visited)

Altars:
Ashenzari
Cheibriados
Dithmenos
Fedhas
Gozag
Hepliaklqana
Kikubaaqudgha
Makhleb
Nemelex Xobeh
Okawaru
Qazlal
Ru
Sif Muna
Trog
Uskayaw
Vehumet
Wu Jian
Xom
Yredelemnul
Jiyva
Lugonu

Shops:
Orc:2 *[([?:*=   Elf:2 [   Vaults:4 *   Depths:1 !!*   Depths:3 (
Depths:4 ::=

Portals:
Hell: Depths:1 Depths:2 Depths:3 Depths:4
Abyss: Swamp:2 Depths:1 Depths:2 Depths:3 Depths:4
Pandemonium: Depths:1 Depths:2 Depths:4
Ziggurat: Depths:4

Annotations:
D:6 2 transporters
D:12 3 runed translucent doors, exclusion: obsidian statue, bearlyready's ghost, journeyman AtBe
Lair:2 3 runed translucent doors, retardedninja's ghost, journeyman NaFi
Lair:5 1 runed translucent door, Ygezyin's ghost, journeyman MiGl
Swamp:2 2 transporters, Hily's ghost, journeyman FeSu
Swamp:3 exclusion: downstairs
Elf:2 3 runed translucent doors
Crypt:2 3 runed translucent doors, Hegoitz's ghost, veteran MiGl; Hyrrirob's ghost, veteran GrEE; Pimiptod's ghost, adept MiFi
Depths:4 3 exclusions, Grunn

#...............................
#...............................
#................#############..
#................# #..
#................# #..
#................# #..
#................# #..
#..............1.# #..
#..............@.# #..
################# ###


You could see a Tzitzimitl.


Message History

You shoot a bolt. The bolt hits the reaper!!
The bolt burns the reaper!
You block the reaper's attack. You block the Tzitzimitl's attack.
The Tzitzimitl bites you.
* * * LOW HITPOINT WARNING * * *
Unknown command.
You shoot a bolt. The bolt hits the reaper!!
The bolt burns the reaper!
You kill the reaper!
Okawaru accepts your kill.
Grunn lets out an intimidating howl.
The Tzitzimitl completely misses you. You block the Tzitzimitl's attack.
The Tzitzimitl attacks as you move away!
The Tzitzimitl engulfs you.
* * * LOW HITPOINT WARNING * * *
The Tzitzimitl drains your vigour!
You feel yourself slow down. You block the Tzitzimitl's attack.
You see here a +1 scythe of venom {polearm}.
The Tzitzimitl attacks as you move away!
The Tzitzimitl closely misses you. You block the Tzitzimitl's attack. x3
The Tzitzimitl attacks as you move away!
The Tzitzimitl completely misses you. You block the Tzitzimitl's attack.
The Tzitzimitl gestures at you.
You convulse!
* * * LOW HITPOINT WARNING * * *
The Tzitzimitl completely misses you. x2
Grunn completely misses you. The Tzitzimitl misses you.
The Tzitzimitl completely misses you.
You feel yourself speed up.
Things that are here:
a +4 scythe of protection {polearm}; a +3 scythe of protection {polearm} The doom hound completely misses you.
You block the doom hound's attack.
There is a stone staircase leading up here.
Fire: a) +10 hand crossbow of the Other Side {flame, Dex+5 Stlth+, crossbow}
Press: ? - help, Q - select action, (/) - cycle Shift-Dir - straight line, f - doom hound
Aim: a doom hound (heavily wounded, 81% to hit)
You shoot a bolt. The bolt barely misses the doom hound.
You block the doom hound's attack. The doom hound completely misses you.
Fire: a) +10 hand crossbow of the Other Side {flame, Dex+5 Stlth+, crossbow}
Press: ? - help, Q - select action, (/) - cycle Shift-Dir - straight line, f/p - doom hound
Aim: a doom hound (heavily wounded, 81% to hit)
You shoot a bolt. The doom hound barks!
The bolt hits the doom hound!!
The bolt burns the doom hound!
You block the doom hound's attack. The doom hound barely misses you.
You block the doom hound's attack. The doom hound completely misses you.
Fire: a) +10 hand crossbow of the Other Side {flame, Dex+5 Stlth+, crossbow}
Press: ? - help, Q - select action, (/) - cycle Shift-Dir - straight line, f/p - doom hound
Aim: a doom hound (severely wounded, 81% to hit)
You shoot a bolt. The bolt hits the doom hound!!!
The bolt burns the doom hound.
You kill the doom hound!
Okawaru accepts your kill.
Fire: a) +10 hand crossbow of the Other Side {flame, Dex+5 Stlth+, crossbow}
Press: ? - help, Q - select action, (/) - cycle Shift-Dir - straight line, f - Tzitzimitl
Aim: a Tzitzimitl (77% to hit)
Okay, then.
Unknown command.
You gain the combat prowess of a mighty hero.
You block the Tzitzimitl's attack. x2; You block Grunn's attack.
You can now deal lightning-fast blows.
The Tzitzimitl gestures at you.
You convulse!
* * * LOW HITPOINT WARNING * * *
You block Grunn's attack.
Fire: a) +10 hand crossbow of the Other Side {flame, Dex+5 Stlth+, crossbow}
Press: ? - help, Q - select action, (/) - cycle Shift-Dir - straight line, f - Tzitzimitl
Aim: a Tzitzimitl (78% to hit)
Okay, then.
Unknown command.
The Tzitzimitl gestures at you.
You convulse!
* * * LOW HITPOINT WARNING * * *
You block Grunn's attack.
You climb upwards.
There is a stone staircase leading down here.
Unknown command.
Unknown command.
Unknown command.
Fire: a) +10 hand crossbow of the Other Side {flame, Dex+5 Stlth+, crossbow}
Press: ? - help, Q - select action, (/) - cycle Shift-Dir - straight line, f - Tzitzimitl
Aim: a Tzitzimitl (78% to hit)
You shoot a bolt. The bolt misses the Tzitzimitl.
You block the Tzitzimitl's attack. The Tzitzimitl completely misses you.
Fire: a) +10 hand crossbow of the Other Side {flame, Dex+5 Stlth+, crossbow}
Press: ? - help, Q - select action, (/) - cycle Shift-Dir - straight line, f/p - Tzitzimitl
Aim: a Tzitzimitl (78% to hit)
You shoot a bolt. The bolt barely misses the Tzitzimitl.
Fire: a) +10 hand crossbow of the Other Side {flame, Dex+5 Stlth+, crossbow}
Press: ? - help, Q - select action, (/) - cycle Shift-Dir - straight line, f/p - Tzitzimitl
Aim: a Tzitzimitl (78% to hit)
You shoot a bolt. The bolt misses the Tzitzimitl.
You block the Tzitzimitl's attack. The Tzitzimitl completely misses you.
Fire: a) +10 hand crossbow of the Other Side {flame, Dex+5 Stlth+, crossbow}
Press: ? - help, Q - select action, (/) - cycle Shift-Dir - straight line, f/p - Tzitzimitl
Aim: a Tzitzimitl (78% to hit)
You shoot a bolt. The bolt hits the Tzitzimitl!!!
The bolt burns the Tzitzimitl!!
The Tzitzimitl gestures at you.
You convulse!
You die...

Skill      XL: |  1  2  3  4  5  6  7  8  9 10 11 12 13 14 15 16 17 18 19 20 21 22 23 24 |
---------------+-------------------------------------------------------------------------+-----
Ranged Weapons | 4 5 6 7 8 10 11 13 15 16 17 18 | 18.0
Invocations    | 1 5 6 7 8 10 12 | 12.0
Fighting       | 5 7 9 12 13 15 16 18 22 23 | 23.0
Dodging        | 3 5 7 10 11 12 15 16 17 19 | 19.0
Shields        | 1 4 8 11 12 13 15 | 15.0
Stealth        | 1 4 5 |  5.0
Armour         | 7 |  7.0
Hexes          | 4 |  4.0
Translocations | 2 3 |  3.8

Action                     |  1- 3 |  4- 6 |  7- 9 | 10-12 | 13-15 | 16-18 | 19-21 | 22-24 || total
---------------------------+-------+-------+-------+-------+-------+-------+-------+-------++-------
   Fire: Shortbow          |   113 |   211 |       |       |       |       |       |       ||   324
         Arbalest          |       |    22 |   187 |   380 |   195 |       |       |       ||   784
         Longbow           |       |       |       |       |   292 |       |       |       ||   292
         Hand crossbow     |       |       |       |       |   407 |  1167 |  1296 |  1153 ||  4023
 Invoke: Heroism           |       |       |     1 |    12 |     2 |    10 |     9 |     4 ||    38
         Finesse           |       |       |       |     4 |     2 |     9 |     7 |     4 ||    26
    Use: Scroll            |       |     5 |    11 |     7 |     6 |     8 |     2 |     5 ||    44
 Armour: Leather armour    |    12 |    79 |    38 |    27 |       |       |       |       ||   156
         Steam dragon scal |       |       |       |    42 |    35 |       |       |       ||    77
         Troll leather arm |       |       |       |       |    10 |    59 |    33 |    33 ||   135
  Dodge: Dodged            |    19 |   125 |    55 |   140 |   136 |   362 |   380 |   531 ||  1748
  Block: Buckler           |       |       |       |       |    73 |    94 |       |       ||   167
         Other             |       |       |       |       |     7 |       |       |       ||     7
         Reflection        |       |       |       |       |    14 |    28 |    79 |     8 ||   129
         Kite shield       |       |       |       |       |       |   451 |   799 |   897 ||  2147

Levels and vault maps discovered:
D:1:      elethiomel_arrival_infinity_welcomes_careful_drivers,
          layout_loops_cross
D:2:      layout_loops_cross
D:3:      layout_loops_ring
D:4:      layout_rooms, amcnicky_altar_gilded, overflow_temple_1_default,
          temple_fountains, nicolae_ossuary_entry_plus, kennysheep_another_room,
          minmay_surrounded, uniq_sigmund
D:5:      minmay_chambers_of_threes, layout_basic, mainiacjoe_overflow_alcove_2,
          uniq_blork_the_orc
D:6:      gammafunk_cloud_chamber, layout_loops_corners, minivault_4,
          kennysheep_generic_room_3
D:7:      layout_rooms, fedhas_altar_2, serial_co_window_serial,
          co_window_corner_a, co_window_cross_1, co_window_cross_1,
          co_window_of_opportunity_a, co_window_paths_a,
          co_window_unsneaky_path_e, co_window_of_opportunity_c,
          co_window_2corner, co_window_2corner, co_window_unsneaky_path_a,
          co_window_sun, glass_columns_a, minmay_misc_feat_ornament,
          uniq_crazy_yiuf_cottage, uniq_pikel, uniq_maggie
D:8:      layout_basic
D:9:      layout_stronghold, kb_lookout_dungeons_type, uniq_psyche
D:10:     layout_gridville, nemelex_diamond_rough_becter,
          general_overflow_altar, david_lair_generic,
          chequers_serial_rivers_micro_c
D:11:     layout_loops_ring, orc_0_dummy
D:12:     layout_stronghold, ebering_ghost_gozag, serial_bayou_ford_a
D:13:     minmay_outward_triangles, layout_loops_cross, david_vaults_2,
          serial_undead, serial_undead_a, serial_undead_c, serial_undead_d,
          serial_undead_e, chequers_serial_rivers_micro_b, minivault_20,
          david_defended_altar_orc, uniq_snorg
D:14:     layout_basic, xom_teletrap_fun, tgw_lugonu_bribe
D:15:     hangedman_depths_entry_try_elsewhere_first, layout_loops_ring,
          hangedman_decor_clover_reticule
Temple:   nicolae_temple_elliptical
Lair:1:   layout_loops_ring, enter_volcano_3
Lair:2:   layout_hall_layers, nicolae_swamp_entry_splash_gauntlet,
          ebering_ghost_rock_garden, grunt_forest_stairs_clearing,
          infiniplex_staircase_pool_2
Lair:3:   layout_roguey, hellmonk_spider_entry_life_and_decay, uniq_gastronok
Lair:4:   layout_roguey, slime_entry_1, grunt_megastairs_4,
          infiniplex_staircase_pool, lemuel_fruit_tree, uniq_kirke, uniq_urug
Lair:5:   minmay_lair_end_frog_pond, layout_long_grid,
          ebering_ghost_reflecting_pool
Swamp:1:  layout_falls_marsh, evilmike_swamp_ruin_house_4, uniq_josephine
Swamp:2:  layout_basic_swamp, gammafunk_ghost_abyssal_escape,
          evilmike_swamp_ruin_rubble_1, uniq_nikola
Swamp:3:  layout_falls_marsh, evilmike_swamp_ruin_house_5
Swamp:4:  byrel_swamp_growth_death_and_undeath, layout_basic_swamp, uniq_donald
Spider:1: layout_spider_delve, nicolae_spider_jagged_tunnels
Spider:2: layout_spider_delve
Spider:3: layout_chambers, portal_ice_cave_entry_pillars_1,
          nicolae_spider_orb_run
Spider:4: guppyfry_spider_rune, uniq_roxanne
Orc:1:    layout_caves, nicolae_shop_gadgets
Orc:2:    st_orc_ogre_mass, layout_diamond_mine, serial_shops, shop_fountains,
          nicolae_shop_bloodbath_and_beyond, shop, shop,
          nicolae_shop_competitors_out_of_business, nicolae_orc_crystal_geode
Elf:1:    layout_gridlike, serial_glass, glass_columns_b, glass_columns_b,
          glass_columns_c, glass_columns_b, glass_columns_c,
          hangedman_elf_disciples, roderic_nine_men_s_morris
Elf:2:    elven_hall_of_blades_hangedman_original
          [nicolae_blade_entry_crossed_weapons], layout_gridlike, basic_altar,
          serial_shops, nicolae_shop_hallway_plus
Elf:3:    elf_hall, layout_geoelf_octagon, ebering_dispersal_statue_hall,
          grunt_megastairs_2, uniq_aizul
Vaults:1: ontoclasm_vaults_bender, v_misc_29, nicolae_vaults_little_squares_1,
          v_pattern_4, nicolae_vaults_three_branches, ontoclasm_vaults_fault,
          nicolae_vaults_big_ls, vaults_dpeg_diagonal, v_misc_8, v_misc_14,
          layout_vaults_omnigrid
Vaults:2: ontoclasm_vaults_idyll, nicolae_vaults_back_hallway, v_misc_3,
          nicolae_vaults_little_squares_4, dpeg_vaults_monster_box,
          nicolae_vaults_rhombus_6, vaults_mumra_chevron, v_misc_24,
          nicolae_vaults_little_ls, v_misc_10, st_lattice,
          grunt_vaults_hallway_short, vaults_room_pool, layout_vaults_omnibox,
          uniq_frederick, uniq_margery
Vaults:3: st_star, v_misc_28, minmay_crypt_entry_necro_gods, v_alt_pattern_3,
          nicolae_vaults_rhombus_6, v_misc_1, grunt_vaults_trifunnel,
          nicolae_vaults_yaktaur_gun_rack, nicolae_vaults_network_quinsquares
          [nicolae_vaults_network_quincunx_subvault,
          nicolae_vaults_network_quincunx_subvault,
          nicolae_vaults_network_quincunx_subvault,
          nicolae_vaults_network_quincunx_subvault],
          nicolae_vaults_network_star, vaults_dpeg_ring, layout_vaults_ring
Vaults:4: v_alt_pattern_4, v_misc_26, st_smaller_cells, ontoclasm_vaults_twist,
          vaults_room_grunt_arrival_ludios, v_misc_18, v_alt_pattern_2,
          v_misc_33, nicolae_vaults_shelves_hall, grunt_vaults_focal, v_misc_15,
          hangedman_vaults_trim, layout_vaults_big_cross, serial_shops, shop
Crypt:1:  layout_gridlike, uniq_khufu, uniq_jory
Crypt:2:  layout_chaotic_city, gammafunk_ghost_cemetery, feat_on_display,
          uniq_vv
Crypt:3:  david_glass_crypt, layout_chaotic_city,
          nicolae_tomb_entry_unfolded_pyramid_orthogonal
Depths:1: layout_gridlike, abyss_entry, pan_entry, minmay_misc_feat_tiny,
          hangedman_geh_valley, hangedman_summoners_spam, serial_bayou_shore_b,
          minmay_shop_star
Depths:2: minmay_polygon_palace, layout_cave_pools, minmay_misc_feat_chi,
          rand_demon_pan_entry_4, hell_entry,
          nicolae_abyss_entry_one_way_or_another, moated_statue, uniq_josephina
Depths:3: hellmonk_ruined_rings, layout_long_grid, grunt_mini_vestibule,
          serial_shops, kennysheep_little_box, minmay_misc_feat_hallway,
          abyss_entry_small_statue_room
Depths:4: evilmike_zot_entry_diamond, layout_basic, enter_ziggurat_d,
          abyss_entry, grunt_gozag_statues, rand_demon_pan_entry_3,
          pf_hell_entry_tar_spiral, item_on_display_a, serial_bayou_shore_b,
          minmay_shop_grove, uniq_grunn

Notes
Turn   | Place    | Note
-------+----------+-------------------------------------------
     0 | D:1      | Sobieck the Mummy Hunter began the quest for the Orb.
     0 | D:1      | Reached XP level 1. HP: 16/16 MP: 1/1
   205 | D:1      | Reached XP level 2. HP: 22/22 MP: 2/2
   768 | D:2      | Reached skill level 4 in Ranged Weapons
   821 | D:2      | You pick up a book of Minor Magic and begin reading...
   821 | D:2      | You add the spells Magic Dart, Call Imp and Mephitic Cloud
                  | to your library.
   856 | D:2      | Gained mutation: You are in touch with the powers of death.
                  | [Mummy growth]
   856 | D:2      | Reached XP level 3. HP: 26/27 MP: 3/3
  1337 | D:3      | You pick up a book of Conjurations {@e2} and begin
                  | reading...
  1337 | D:3      | You add the spells Searing Ray and Fulminant Prism to your
                  | library.
  1509 | D:3      | Reached XP level 4. HP: 33/33 MP: 4/4
  2052 | D:3      | Reached skill level 5 in Ranged Weapons
  2109 | D:4      | Noticed a scorpion
  2110 | D:4      | Noticed Sigmund
  2115 | D:3      | Reached XP level 5. HP: 38/38 MP: 5/5
  2175 | D:4      | Found a sand-covered staircase.
  2181 | Ossuary  | Entered an ossuary
  2543 | Ossuary  | Reached skill level 6 in Ranged Weapons
  2543 | Ossuary  | Reached XP level 6. HP: 39/44 MP: 6/6
  2782 | Ossuary  | Identified a scroll of acquirement
  2783 | Ossuary  | Acquired a +2 arbalest of draining
  2928 | D:4      | Killed Sigmund
  2929 | D:4      | Reached skill level 7 in Ranged Weapons
  2929 | D:4      | Reached XP level 7. HP: 49/50 MP: 7/7
  3001 | D:4      | Found a staircase to the Ecumenical Temple.
  3015 | D:4      | Found a sacrificial altar of Ru.
  3185 | Temple   | Entered the Ecumenical Temple
  3333 | Temple   | Became a worshipper of Warmaster Okawaru
  3574 | D:5      | Entered Level 5 of the Dungeon
  3789 | D:5      | Reached skill level 8 in Ranged Weapons
  3855 | D:5      | Noticed Blork the orc
  3859 | D:5      | Killed Blork the orc
  3859 | D:5      | Reached * piety under Okawaru
  3902 | D:5      | Found a hide-covered altar of Uskayaw.
  4274 | D:5      | Reached XP level 8. HP: 56/56 MP: 8/8
  4618 | D:5      | Reached skill level 9 in Ranged Weapons
  4919 | D:6      | You pick up a book of the Hunter and begin reading...
  4919 | D:6      | You add the spells Portal Projectile and Leda's
                  | Liquefaction to your library.
  5032 | D:6      | Reached ** piety under Okawaru
  5117 | D:6      | Found a transporter.
  5404 | D:6      | Found a transporter.
  5573 | D:7      | Reached skill level 10 in Ranged Weapons
  5619 | D:7      | Found a blossoming altar of Fedhas.
  5767 | D:7      | Noticed Pikel
  6004 | D:7      | Noticed Maggie
  6013 | D:7      | Killed Maggie
  6013 | D:7      | Reached *** piety under Okawaru
  6014 | D:7      | Reached skill level 1 in Invocations
  6014 | D:7      | Reached XP level 9. HP: 61/61 MP: 8/10
  6018 | D:7      | Reached skill level 2 in Invocations
  6202 | D:7      | Killed Pikel
  6203 | D:7      | Reached skill level 3 in Invocations
  6273 | D:7      | Found a runed translucent door.
  6274 | D:7      | Noticed Crazy Yiuf
  6428 | D:7      | Reached skill level 11 in Ranged Weapons
  6428 | D:7      | Reached skill level 4 in Invocations
  6816 | D:7      | Killed Crazy Yiuf
  7317 | D:8      | Reached **** piety under Okawaru
  7318 | D:8      | Reached skill level 5 in Invocations
  7801 | D:9      | Reached XP level 10. HP: 67/67 MP: 14/14
  8190 | D:9      | Reached skill level 6 in Invocations
  8348 | D:9      | Noticed Psyche
  8581 | D:9      | Killed Psyche
  8582 | D:9      | Reached skill level 12 in Ranged Weapons
  8858 | D:10     | Entered Level 10 of the Dungeon
  9012 | D:10     | Noticed an elephant
  9053 | D:9      | HP: 15/67 [wyvern (7)]
  9349 | D:10     | Killed an elephant
  9415 | D:10     | Reached ***** piety under Okawaru
  9419 | D:10     | Reached skill level 13 in Ranged Weapons
  9535 | D:10     | Found a sparkling altar of Nemelex Xobeh.
  9582 | D:10     | Found a staircase to the Lair.
  9590 | D:10     | Identified the -1 hat of Complete Protection {rF+ Dex+2
                  | Slay+6} (Okawaru gifted it to you on level 10 of the
                  | Dungeon)
  9590 | D:10     | Received a gift from Okawaru
  9619 | D:10     | You pick up a book of Cantrips and begin reading...
  9619 | D:10     | You add the spells Necrotise and Apportation to your
                  | library.
  9627 | D:10     | Found a broken altar of Ashenzari.
  9890 | D:10     | Reached XP level 11. HP: 72/72 MP: 15/15
 10047 | D:11     | Found a staircase to the Orcish Mines.
 10221 | D:11     | Noticed a two-headed ogre
 10229 | D:11     | HP: 10/72 [two-headed ogre/+0 giant club (26)]
 10231 | D:11     | Killed a two-headed ogre
 10440 | Lair:1   | Entered Level 1 of the Lair of Beasts
 10455 | Lair:1   | Noticed a skyshark
 10462 | Lair:1   | Killed a skyshark
 10463 | Lair:1   | Reached skill level 14 in Ranged Weapons
 10541 | Lair:1   | You fall into a shaft and drop 1 floor!
 10770 | Lair:1   | You add the spells Sting, Vhi's Electric Charge, Alistair's
                  | Intoxication and Dispersal to your library.
 10770 | Lair:1   | Got the Parchment of Warped Contamination
 10958 | Lair:1   | Reached skill level 15 in Ranged Weapons
 10970 | Lair:1   | Found a dark tunnel.
 11146 | Lair:1   | Could not pick up a +2 double sword of flaming {longrare=g}
                  | here; ([A]lways) ignore it?
 11453 | Lair:2   | Reached XP level 12. HP: 78/78 MP: 16/16
 11522 | Lair:2   | Received a gift from Okawaru
 11649 | Lair:2   | Reached skill level 16 in Ranged Weapons
 11653 | Lair:2   | Reached skill level 3 in Fighting
 11917 | Lair:2   | Found a runed translucent gate.
 11917 | Lair:2   | Found a runed translucent gate.
 11917 | Lair:2   | Found a runed translucent gate.
 11918 | Lair:2   | Noticed retardedninja's ghost (journeyman NaFi)
 12196 | Lair:2   | Reached skill level 2 in Dodging
 12208 | Lair:2   | Found a staircase to the Swamp.
 12246 | Lair:2   | Noticed a death yak
 12250 | Lair:2   | Noticed a death yak
 12252 | Lair:2   | Killed a death yak
 12252 | Lair:2   | Received a gift from Okawaru
 12255 | Lair:2   | Killed a death yak
 12256 | Lair:2   | Reached skill level 4 in Fighting
 12491 | Lair:3   | Noticed Gastronok
 12505 | Lair:3   | Killed Gastronok
 12594 | Lair:3   | Noticed a five-headed hydra
 12596 | Lair:3   | Killed a five-headed hydra
 12597 | Lair:3   | Reached skill level 3 in Dodging
 12685 | Lair:3   | Found a hole to the Spider Nest.
 12730 | Lair:3   | Received a gift from Okawaru
 12737 | Lair:3   | Reached skill level 5 in Fighting
 12737 | Lair:3   | Reached skill level 7 in Invocations
 12976 | Lair:3   | Noticed a five-headed hydra
 12984 | Lair:3   | Killed a five-headed hydra
 12985 | Lair:3   | Gained mutation: You are strongly in touch with the powers
                  | of death. [Mummy growth]
 12985 | Lair:3   | Reached XP level 13. HP: 62/92 MP: 16/18
 13467 | Lair:3   | HP: 23/92 [death yak (18)]
 13481 | Lair:3   | HP: 18/92 [blink frog (10)]
 13802 | Lair:3   | Reached skill level 4 in Dodging
 13849 | Lair:4   | Noticed Kirke
 13860 | Lair:3   | Reached ****** piety under Okawaru
 13890 | Lair:4   | Identified the +2 pair of boots "Rowket" {Stlth+} (Okawaru
                  | gifted it to you on level 4 of the Lair of Beasts)
 13890 | Lair:4   | Received a gift from Okawaru
 14070 | Lair:4   | Reached skill level 6 in Fighting
 14137 | Lair:4   | Reached skill level 17 in Ranged Weapons
 14272 | Lair:4   | Noticed Urug
 14274 | Lair:4   | Killed Urug
 14309 | Lair:4   | Killed Kirke
 14404 | Lair:4   | Reached skill level 8 in Invocations
 14421 | Lair:4   | Reached skill level 5 in Dodging
 14459 | Lair:4   | Received a gift from Okawaru
 14678 | Lair:4   | Found a staircase to the Slime Pits.
 14678 | Lair:4   | Found a viscous altar of Jiyva.
 14695 | Lair:4   | Reached skill level 7 in Fighting
 14820 | Lair:5   | Entered Level 5 of the Lair of Beasts
 14897 | Lair:5   | Identified the +8 longbow "Luny" {drain, Will+ Dex-5 SInv}
                  | (Okawaru gifted it to you on level 5 of the Lair of Beasts)
 14897 | Lair:5   | Received a gift from Okawaru
 14941 | Lair:5   | Reached XP level 14. HP: 103/103 MP: 20/20
 15022 | Lair:5   | Found a runed translucent door.
 15212 | Lair:5   | Received a gift from Okawaru
 15285 | Lair:5   | Reached skill level 6 in Dodging
 15454 | Lair:5   | Reached skill level 8 in Fighting
 15454 | Lair:5   | Reached skill level 9 in Invocations
 15590 | Lair:5   | Received a gift from Okawaru
 15628 | Lair:5   | Reached skill level 18 in Ranged Weapons
 16028 | Lair:5   | Noticed Ygezyin's ghost (journeyman MiGl)
 16252 | Orc:1    | Entered Level 1 of the Orcish Mines
 16402 | Orc:1    | Found Tiudief's Gadget Gallery.
 16687 | Orc:2    | Entered Level 2 of the Orcish Mines
 16797 | Orc:2    | Found Ofieg's Armour Shop.
 16804 | Orc:2    | Found Cezib's General Store.
 16994 | Orc:2    | Identified the +10 hand crossbow of the Other Side {flame,
                  | Dex+5 Stlth+} (Okawaru gifted it to you on level 2 of the
                  | Orcish Mines)
 16994 | Orc:2    | Received a gift from Okawaru
 17416 | Orc:2    | Found Nideti's Weapon Shoppe.
 17422 | Orc:2    | Found Jokhuud's Magic Scroll Shoppe.
 17422 | Orc:2    | Found Xeseib's Book Boutique.
 17422 | Orc:2    | Found Kiapsi's Antique Armour Shop.
 17422 | Orc:2    | Found Bar Miox's Book Shoppe.
 17706 | Orc:2    | Reached skill level 7 in Dodging
 17715 | Orc:2    | Reached skill level 9 in Fighting
 17788 | Orc:2    | Identified the +1 pair of gloves of Amonumn {rN++ Str+4
                  | Slay-3} (Okawaru gifted it to you on level 2 of the Orcish
                  | Mines)
 17788 | Orc:2    | Received a gift from Okawaru
 17888 | Orc:2    | Reached skill level 10 in Invocations
 18072 | Orc:2    | Found Myeck's Assorted Antiques.
 18128 | Orc:2    | Identified the +0 crystal plate armour of Jowubaim {+Blink
                  | rN+}
 18129 | Orc:2    | m - the +0 crystal plate armour of Jowubaim {+Blink rN+,
                  | rare=g}
 18251 | Orc:2    | Reached skill level 1 in Shields
 18275 | Orc:2    | Reached XP level 15. HP: 115/115 MP: 22/22
 18291 | Orc:2    | Bought a scroll of silence for 95 gold pieces
 18368 | Orc:2    | Found Ycafuuro's Jewellery Boutique.
 18390 | Orc:2    | Found a staircase to the Elven Halls.
 18633 | Orc:2    | Bought a pair of glimmering gloves for 275 gold pieces
 18633 | Orc:2    | Identified the +2 pair of gloves of Beyond {rPois rF++
                  | Dex-4} (You bought it in a shop on level 2 of the Orcish
                  | Mines)
 18633 | Orc:2    | Bought a bronze ring mail for 261 gold pieces
 18633 | Orc:2    | Identified the +0 ring mail of Foolhardiness {-Tele Int+4}
                  | (You bought it in a shop on level 2 of the Orcish Mines)
 18672 | Orc:2    | Bought a +6 ring of dexterity for 468 gold pieces
 19042 | D:11     | Identified the +7 arbalest of Gackout {freeze, rF- rN+++
                  | Str+2 Dex+4}
 19426 | D:12     | Reached skill level 2 in Shields
 19630 | D:12     | Reached skill level 10 in Fighting
 19630 | D:12     | Reached skill level 8 in Dodging
 19752 | D:12     | You pick up a book of Armaments and begin reading...
 19752 | D:12     | You add the spells Stone Arrow and Lehudib's Crystal Spear
                  | to your library.
 19876 | D:12     | Found a runed translucent gate.
 19877 | D:12     | Found a runed translucent gate.
 19878 | D:12     | Found a runed translucent gate.
 19879 | D:12     | Found an opulent altar of Gozag.
 19940 | D:12     | Noticed bearlyready's ghost (journeyman AtBe)
 20303 | D:13     | Noticed Snorg
 20307 | D:13     | Killed Snorg
 20394 | D:13     | Found a gate to the Vaults.
 20430 | D:13     | Found an iron altar of Okawaru.
 20433 | D:13     | Received a gift from Okawaru
 20511 | D:13     | Reached skill level 3 in Shields
 20590 | D:13     | Upgraded the game from 0.30-a0-1008-g30c9307041 to
                  | 0.30-a0-1016-gfb0d676c02
 20627 | D:13     | Identified the +6 plate armour of the Beginning {rPois rC-
                  | Str+3 Int+3}
 20682 | D:13     | Noticed a fire giant
 20692 | D:13     | Killed a fire giant
 20857 | D:13     | Reached skill level 4 in Shields
 20866 | D:13     | Identified the +0 buckler of the Dungeon {Regen+} (Okawaru
                  | gifted it to you on level 13 of the Dungeon)
 20866 | D:13     | Received a gift from Okawaru
 20953 | D:13     | Reached skill level 11 in Fighting
 21005 | D:13     | Reached skill level 9 in Dodging
 21155 | D:14     | Got the Book of Phantasmal Permutations
 21251 | D:14     | Found a corrupted altar of Lugonu.
 21281 | D:14     | Found a shimmering altar of Xom.
 21742 | D:14     | You pick up a book of Beasts and begin reading...
 21857 | D:15     | Entered Level 15 of the Dungeon
 22287 | D:15     | Reached skill level 12 in Fighting
 22293 | D:15     | Found a staircase to the Depths.
 22683 | Spider:1 | Entered Level 1 of the Spider Nest
 22736 | Lair:3   | Reached skill level 10 in Dodging
 22891 | Spider:1 | Identified the +3 chain mail of Divine Intervention {Dex+3}
                  | (Okawaru gifted it to you on level 1 of the Spider Nest)
 22891 | Spider:1 | Received a gift from Okawaru
 23009 | Spider:1 | Reached XP level 16. HP: 127/127 MP: 23/23
 23399 | Spider:1 | HP: 24/129 [disintegration (70)]
 23787 | Spider:1 | Reached skill level 13 in Fighting
 23819 | Spider:1 | Reached skill level 11 in Dodging
 23829 | Spider:1 | Reached skill level 1 in Stealth
 24698 | Spider:2 | Identified the +5 kite shield of Dokau {rN+ Dex+2} (Okawaru
                  | gifted it to you on level 2 of the Spider Nest)
 24698 | Spider:2 | Received a gift from Okawaru
 25103 | Spider:2 | Reached skill level 5 in Shields
 25336 | Spider:3 | Identified the ring of Paehuat {rPois rN+}
 25673 | Spider:3 | Reached skill level 6 in Shields
 25775 | Spider:3 | Reached skill level 7 in Shields
 25966 | Spider:3 | Found a frozen archway.
 25976 | IceCv    | Entered an ice cave
 26021 | IceCv    | Reached skill level 8 in Shields
 26024 | IceCv    | Identified the +1 hand crossbow "Suschynisy" {elec, Will++}
                  | (Okawaru gifted it to you in an ice cave)
 26024 | IceCv    | Received a gift from Okawaru
 26341 | IceCv    | Reached XP level 17. HP: 136/136 MP: 24/24
 26414 | IceCv    | Reached skill level 9 in Shields
 26440 | IceCv    | Received a gift from Okawaru
 27111 | Spider:3 | You drop the +0 crystal plate armour of Jowubaim {+Blink
                  | rN+, rare=g}.
 27112 | Spider:3 | m - the +0 crystal plate armour of Jowubaim {+Blink rN+,
                  | rare=g}
 27541 | Spider:4 | Entered Level 4 of the Spider Nest
 27541 | Spider:4 | Identified Roxanne's Quarto of Variation
 27541 | Spider:4 | Noticed Roxanne
 27775 | Spider:4 | Killed Roxanne
 27776 | Spider:4 | Reached skill level 10 in Shields
 28343 | Spider:4 | Reached skill level 11 in Shields
 28358 | Spider:4 | Received a gift from Okawaru
 28364 | Spider:4 | Reached skill level 2 in Stealth
 28769 | Spider:4 | Reached skill level 3 in Stealth
 29056 | Spider:4 | Got a gossamer rune of Zot
 29462 | Swamp:1  | Entered Level 1 of the Swamp
 29587 | Swamp:1  | Received a gift from Okawaru
 29673 | Swamp:1  | Received a gift from Okawaru
 29822 | Swamp:1  | Noticed Josephine
 29829 | Swamp:1  | Killed Josephine
 29882 | Swamp:1  | You pick up a book of the Wilderness and begin reading...
 30321 | Swamp:1  | Reached skill level 4 in Stealth
 30411 | Swamp:2  | Found a one-way gate to the infinite horrors of the Abyss.
 30413 | Swamp:2  | Noticed Hily's ghost (journeyman FeSu)
 30468 | Swamp:2  | Found a transporter.
 30475 | Swamp:2  | Found a transporter.
 30480 | Swamp:2  | Noticed Nikola
 30489 | Swamp:2  | Killed Nikola
 31127 | Swamp:3  | Reached XP level 18. HP: 145/145 MP: 26/26
 31909 | Swamp:4  | Entered Level 4 of the Swamp
 31914 | Swamp:3  | Identified the +1 ring mail of Unnyjuw {rElec Will+ Int+2}
                  | (Okawaru gifted it to you on level 3 of the Swamp)
 31914 | Swamp:3  | Received a gift from Okawaru
 31947 | Swamp:4  | Noticed a tentacled monstrosity
 31968 | Swamp:3  | Killed a tentacled monstrosity
 31969 | Swamp:3  | Reached skill level 11 in Invocations
 32114 | Swamp:4  | Reached skill level 14 in Fighting
 32189 | Swamp:4  | Noticed Donald
 32196 | Swamp:4  | Killed Donald
 32197 | Swamp:4  | Reached skill level 5 in Stealth
 32414 | Swamp:4  | Reached skill level 12 in Dodging
 32638 | Swamp:4  | Found a blossoming altar of Fedhas.
 32678 | Swamp:4  | Received a gift from Okawaru
 32680 | Swamp:4  | Reached skill level 12 in Shields
 32714 | Swamp:4  | Found a basalt altar of Yredelemnul.
 32728 | Swamp:4  | Got a decaying rune of Zot
 33135 | Elf:1    | Entered Level 1 of the Elven Halls
 33473 | Elf:1    | Paralysed by an air elemental for 1 turns
 34053 | Elf:2    | Found an ancient bone altar of Kikubaaqudgha.
 34057 | Elf:2    | Reached skill level 12 in Invocations
 34279 | Elf:2    | Received a gift from Okawaru
 34331 | Elf:2    | Paralysed by an air elemental for 1 turns
 34499 | Elf:2    | Reached skill level 15 in Fighting
 34655 | Elf:2    | Reached XP level 19. HP: 155/155 MP: 28/28
 34670 | Elf:2    | Found Berush's Antique Armour Shop.
 34851 | Elf:2    | Found a runed translucent gate.
 34851 | Elf:2    | Found a runed translucent gate.
 34855 | Elf:2    | Found a runed translucent gate.
 34929 | Elf:3    | Entered Level 3 of the Elven Halls
 35255 | Elf:3    | Reached skill level 13 in Dodging
 35275 | Elf:3    | Identified the +2 spear "Wekarast" {freeze, Will+ Dex+3}
                  | (Okawaru gifted it to you on level 3 of the Elven Halls)
 35275 | Elf:3    | Received a gift from Okawaru
 35371 | Elf:3    | Reached skill level 13 in Shields
 35417 | Elf:3    | Noticed a Brimstone Fiend
 35420 | Elf:3    | Noticed Aizul
 35422 | Elf:3    | Identified the +7 great sword "Esuy" {heavy, Str+3}
 35433 | Elf:3    | Received a gift from Okawaru
 35601 | Elf:3    | Reached skill level 14 in Dodging
 35612 | Elf:3    | Identified the +5 trident of Caennef {freeze, rPois rF+
                  | Stlth+}
 35715 | Elf:3    | Killed Aizul
 35791 | Elf:3    | Identified the amulet "Xynec" {Reflect Dex+3 Slay+3 SH+5}
 35880 | Elf:3    | Found the +7 Spriggan's Knife {stab, EV+4 Stlth+}
 35899 | Elf:3    | You pick up a book of the Senses and begin reading...
 35899 | Elf:3    | You add the spells Dazzling Flash, Agony and Silence to
                  | your library.
 35902 | Elf:3    | You pick up a book of Vapours and begin reading...
 35902 | Elf:3    | You add the spells Poisonous Vapours and Freezing Cloud to
                  | your library.
 35903 | Elf:3    | Identified the +7 shortbow of Tutz {freeze, rPois MP+9
                  | Int-2 Stlth+}
 35909 | Elf:3    | Identified the staff of conjuration "Focuqoj" {rF+ Will+
                  | Str+3 Stlth+}
 35914 | Elf:3    | Got Wopuxub's Compilation of Power
 35925 | Elf:3    | You add the spells Gell's Gravitas and Teleport Other to
                  | your library.
 35928 | Elf:3    | Got Sif Muna's Handbook of Intoxicating Rallying
 35932 | Elf:3    | You drop the +0 crystal plate armour of Jowubaim {+Blink
                  | rN+, rare=g}.
 35933 | Elf:3    | m - the +0 crystal plate armour of Jowubaim {+Blink rN+,
                  | rare=g}
 35941 | Elf:3    | Identified the +6 chain mail of Context {Will++}
 35942 | Elf:3    | Identified the +2 whip "Hydrabane" {venom, rElec Will- MP+9
                  | Dex+8}
 35947 | Elf:3    | You pick up a book of Decay and begin reading...
 35947 | Elf:3    | You add the spells Cigotuvi's Dreadful Rot and Dispel
                  | Undead to your library.
 35954 | Elf:3    | You pick up a book of Callings and begin reading...
 35990 | Elf:3    | Got Huc Jiat's Papyrus of Azure Despair
 36402 | Vaults:1 | Entered Level 1 of the Vaults
 36472 | Vaults:1 | You fall into a shaft and drop 1 floor!
 36753 | Vaults:1 | Identified the +4 great sword "Jiarruo" {vamp, MP+9 Str+2
                  | Int+3}
 36867 | Vaults:1 | Received a gift from Okawaru
 37134 | Vaults:1 | Reached skill level 15 in Dodging
 38177 | Vaults:2 | Received a gift from Okawaru
 38203 | Vaults:2 | Reached XP level 20. HP: 162/162 MP: 29/29
 38206 | Vaults:2 | Reached skill level 16 in Dodging
 38212 | Vaults:2 | Reached skill level 1 in Armour
 38238 | Vaults:2 | Reached skill level 2 in Armour
 38333 | Vaults:2 | Reached skill level 3 in Armour
 38536 | Vaults:2 | Reached skill level 4 in Armour
 38766 | Vaults:2 | Noticed Frederick
 38773 | Vaults:2 | Killed Frederick
 38774 | Vaults:2 | Reached skill level 5 in Armour
 38829 | Vaults:2 | Could not pick up a +2 double sword {longrare=g} here;
                  | ([A]lways) ignore it?
 39125 | Vaults:2 | Reached skill level 16 in Fighting
 39319 | Vaults:3 | Found a staircase to the Crypt.
 39319 | Vaults:3 | Found an ancient bone altar of Kikubaaqudgha.
 39319 | Vaults:3 | Found a basalt altar of Yredelemnul.
 39422 | Vaults:3 | Identified the +0 pair of boots of Unlei {Dex+3} (Okawaru
                  | gifted it to you on level 3 of the Vaults)
 39422 | Vaults:3 | Received a gift from Okawaru
 39443 | Vaults:3 | Reached skill level 6 in Armour
 39708 | Vaults:3 | Reached skill level 7 in Armour
 40530 | Vaults:3 | Identified the +0 chain mail "Nauwkaaff" {rPois} (Okawaru
                  | gifted it to you on level 3 of the Vaults)
 40530 | Vaults:3 | Received a gift from Okawaru
 40671 | Vaults:3 | Reached XP level 21. HP: 171/171 MP: 30/30
 40746 | Vaults:3 | You add the spells Ignite Poison, Sticky Flame and Ignition
                  | to your library.
 41001 | Vaults:4 | Reached skill level 17 in Dodging
 41492 | Vaults:4 | Reached skill level 14 in Shields
 41602 | Vaults:4 | Found Nuonisec's Assorted Antiques.
 41735 | Vaults:4 | Identified the +3 sling of the Queen {heavy, rPois Str+2
                  | Int+5}
 41925 | Vaults:4 | Identified the +1 helmet of Miracles {Regen+}
 42010 | Vaults:4 | Identified the +1 robe "Tyegao" {+Inv rElec Str-4 Dex+7}
                  | (Okawaru gifted it to you on level 4 of the Vaults)
 42010 | Vaults:4 | Received a gift from Okawaru
 42216 | Vaults:4 | Reached skill level 15 in Shields
 42497 | Crypt:1  | Entered Level 1 of the Crypt
 42559 | Crypt:1  | Noticed a curse skull
 42651 | Crypt:1  | Noticed a royal mummy
 42653 | Crypt:1  | Noticed Khufu
 42665 | Crypt:1  | Killed a royal mummy
 42667 | Crypt:1  | Killed a curse skull
 42675 | Crypt:1  | Killed Khufu
 42983 | Crypt:1  | Reached skill level 17 in Fighting
 42999 | Crypt:1  | Noticed Jory
 43015 | Crypt:1  | Killed Jory
 43270 | Crypt:1  | Received a gift from Okawaru
 43716 | Crypt:2  | Reached skill level 18 in Fighting
 43737 | Crypt:2  | Noticed Vv
 43751 | Crypt:2  | Killed Vv
 43777 | Crypt:2  | You drop the +0 crystal plate armour of Jowubaim {+Blink
                  | rN+, rare=g}.
 43779 | Crypt:2  | the +0 crystal plate armour of Jowubaim {+Blink rN+,
                  | rare=g}; a +0 robe
 43779 | Crypt:2  | Could not pick up the +0 crystal plate armour of Jowubaim
                  | {+Blink rN+, rare=g} here; ([A]lways) ignore it?
 44071 | Crypt:2  | Reached XP level 22. HP: 185/185 MP: 31/31
 44216 | Crypt:2  | the +0 crystal plate armour of Jowubaim {+Blink rN+, rare};
                  | a +0 robe
 44233 | Crypt:2  | the +0 crystal plate armour of Jowubaim {+Blink rN+, rare};
                  | a +0 robe
 44319 | Crypt:2  | Found a runed translucent gate.
 44319 | Crypt:2  | Found a runed translucent gate.
 44319 | Crypt:2  | Found a runed translucent gate.
 44319 | Crypt:2  | Noticed Hyrrirob's ghost (veteran GrEE)
 44319 | Crypt:2  | Noticed Pimiptod's ghost (adept MiFi)
 44321 | Crypt:2  | Noticed Hegoitz's ghost (veteran MiGl)
 44396 | Crypt:3  | Entered Level 3 of the Crypt
 44653 | Crypt:2  | Reached skill level 19 in Fighting
 44665 | Crypt:2  | Received a gift from Okawaru
 45238 | Crypt:3  | Noticed a curse toe
 45244 | Crypt:3  | Killed a curse toe
 45244 | Crypt:3  | Identified the +0 robe "Syadazim" {rElec Dex+2} (Okawaru
                  | gifted it to you on level 3 of the Crypt)
 45244 | Crypt:3  | Received a gift from Okawaru
 45292 | Crypt:3  | Reached skill level 20 in Fighting
 45443 | Crypt:3  | Noticed an ancient lich
 45601 | Crypt:3  | Identified the +4 ring mail of the Lizard {Str+5}
 45792 | Crypt:3  | Found a staircase to the Tomb.
 46014 | Crypt:3  | Killed an ancient lich
 46028 | Crypt:3  | Identified the staff of death "Fuugeik" {rN+ Will+}
 46035 | Crypt:3  | You pick up a book of Armaments and begin reading...
 46037 | Crypt:3  | You pick up a book of Cantrips and begin reading...
 46041 | Crypt:3  | You pick up a book of Chaos and begin reading...
 46041 | Crypt:3  | You add the spells Conjure Ball Lightning, Disjunction and
                  | Discord to your library.
 46295 | Depths:1 | Entered Level 1 of the Depths
 46561 | Depths:1 | Found a gateway to Hell.
 46671 | Depths:1 | Reached skill level 21 in Fighting
 46786 | Depths:1 | Found Edaddaop's General Store.
 46790 | Depths:1 | Found Loguv's Distillery.
 46791 | Depths:1 | Found Idonk's Distillery.
 46898 | Depths:1 | Received a gift from Okawaru
 47057 | Depths:1 | Found a one-way gate leading to the halls of Pandemonium.
 47353 | Depths:1 | Found a shimmering blue altar of Sif Muna.
 47477 | Depths:1 | Got the Almanac of the Familiar
 47762 | Depths:2 | Reached skill level 22 in Fighting
 47897 | Depths:2 | Identified the +1 pair of boots "Elumeen" {rElec} (Okawaru
                  | gifted it to you on level 2 of the Depths)
 47897 | Depths:2 | Received a gift from Okawaru
 47984 | Depths:2 | Identified the +4 ring mail of the Disbelieving Gods {rElec
                  | Will+ Int-2 Dex+2}
 48007 | Depths:2 | Noticed Louise
 48013 | Depths:2 | Killed Louise
 48071 | Depths:2 | Reached XP level 23. HP: 203/203 MP: 32/32
 48847 | Depths:2 | Reached skill level 18 in Dodging
 48936 | Depths:3 | Could not pick up +0 shadow dragon scales {rare} here;
                  | ([A]lways) ignore it?
 49256 | Depths:3 | Received a gift from Okawaru
 49376 | Depths:3 | Found Rasifo's Weapon Shoppe.
 50014 | Depths:4 | Entered Level 4 of the Depths
 50300 | Depths:4 | Reached skill level 19 in Dodging
 50620 | Depths:4 | Noticed a caustic shrike
 50622 | Depths:4 | Noticed a caustic shrike
 50623 | Depths:4 | Noticed a caustic shrike
 50632 | Depths:4 | Killed a caustic shrike
 50636 | Depths:4 | Killed a caustic shrike
 50643 | Depths:4 | Killed a caustic shrike
 50712 | Depths:4 | Upgraded the game from 0.30-a0-1016-gfb0d676c02 to
                  | 0.30-a0-1018-g25214051b3
 51075 | Depths:4 | You pick up a book of Conjurations {@e2} and begin
                  | reading...
 51080 | Depths:4 | Learned a level 3 spell: Portal Projectile
 51285 | Depths:4 | You pick up a book of Burglary and begin reading...
 51285 | Depths:4 | You add the spells Passwall, Ensorcelled Hibernation and
                  | Swiftness to your library.
 51300 | Depths:4 | Learned a level 3 spell: Swiftness
 51361 | Depths:4 | Found Jimisath's Book Emporium.
 51364 | Depths:4 | Found Zinopsuff's Jewellery Boutique.
 51365 | Depths:4 | Found Ytophoke's Book Emporium.
 51415 | Depths:4 | Identified the +0 pair of gloves of the Three Persimmons
                  | {rPois MP-9 Slay+2} (Okawaru gifted it to you on level 4 of
                  | the Depths)
 51415 | Depths:4 | Received a gift from Okawaru
 51416 | Depths:4 | Reached skill level 23 in Fighting
 51458 | Depths:4 | Reached skill level 1 in Hexes
 51485 | Depths:4 | Reached skill level 2 in Hexes
 51533 | Depths:4 | Found a gate to the Realm of Zot.
 51555 | Depths:4 | Reached skill level 1 in Translocations
 51634 | Depths:4 | Noticed Grunn
 51711 | Depths:4 | Reached skill level 2 in Translocations
 51736 | Depths:4 | Reached skill level 3 in Hexes
 51915 | Depths:4 | Reached skill level 4 in Hexes
 51943 | Depths:4 | Reached XP level 24. HP: 214/214 MP: 32/32
 51953 | Depths:4 | Reached skill level 3 in Translocations
 52274 | Depths:4 | Found an opulent altar of Gozag.
 52304 | Depths:4 | Found a one-way gateway to a ziggurat.
 52665 | Depths:4 | HP: 36/214 [Tzitzimitl/dispel undead[a doom hound] (56)]
 52666 | Depths:4 | HP: 3/214 [Tzitzimitl/dispel undead[a doom hound] (35)]
 52671 | Depths:3 | Killed from afar by a Tzitzimitl

Vanquished Creatures
  An ancient lich (Crypt:3)
  Khufu (Crypt:1)
  Vv (Crypt:2)
  A royal mummy (Crypt:1)
  Frederick (Vaults:2)
  A curse toe (Crypt:3)
  3 caustic shrikes (Depths:4)
  A golden dragon (Depths:4)
  Jory (Crypt:1)
  7 bone dragons
  Nikola (Swamp:2)
  A doom hound (Depths:4)
  2 tentacled monstrosities
  5 liches
  2 deep elf blademasters (Elf:3)
  A walking earthen tome (Depths:3)
  2 deep elf master archers (Elf:3)
  5 sphinxes
  Gastronok (Lair:3)
  A tengu reaver (Depths:4)
  2 shadow dragons
  5 ancient champions
  3 thorn hunters (Swamp:4)
  A storm dragon (Depths:4)
  Kirke (Lair:4)
  Roxanne (Spider:4)
  A fenstrider witch (Swamp:3)
  3 fire giants
  Donald (Swamp:4)
  4 deep elf sorcerers (Elf:3)
  2 revenants (Crypt:2)
  9 vault wardens
  6 frost giants
  Louise (Depths:2)
  3 emperor scorpions
  2 draconian shifters (Depths:4)
  2 ghost moths
  Aizul (Elf:3)
  A balrug (Depths:3)
  A curse skull (Crypt:1)
  2 iron dragons (Depths:3)
  A caustic shrike zombie (Crypt:3)
  3 orc warlords
  3 deep elf elementalists (Elf:3)
  2 war gargoyles (Vaults:4)
  35 very ugly things
  4 broodmothers
  17 ghouls
  5 reapers
  18 ironbound preservers
  11 stone giants
  12 vampire knights
  3 ironbound thunderhulks
  3 eleionomae
  5 deep elf demonologists
  A red draconian (Depths:4)
  A green draconian (Depths:4)
  15 spark wasps
  6 bunyips
  12 dire elephants
  A black draconian (Depths:4)
  5 deep elf annihilators
  6 eidola
  A white draconian (IceCv)
  Snorg (D:13)
  2 crystal guardians (Vaults:4)
  8 deep elf death magi
  9 fire dragons
  14 jiangshi
  3 shambling mangroves (Swamp:4)
  Josephine (Swamp:1)
  2 entropy weavers
  10 ettins
  A merfolk javelineer (Depths:1)
  2 deep elf high priests
  16 yaktaur captains
  5 vault guards
  7 great orbs of eyes
  9 ice dragons
  21 hydras
  5 rakshasas
  2 ghost crabs
  3 peacekeepers (Vaults:4)
  A jorogumo (Spider:1)
  11 centaur warriors
  23 ironbound frosthearts
  A hell beast (Depths:3)
  3 radroaches
  4 ogre magi (Orc:2)
  8 alligators
  16 two-headed ogres
  10 deep troll shamans
  7 death yaks
  2 death knights
  2 boulder beetles
  13 dancing weapons
  2 titan zombies
  3 spriggan berserkers
  An azure jelly zombie (Crypt:3)
  10 deep troll earth magi
  2 orc high priests (Depths:1)
  5 tengu warriors
  A hell knight (Depths:2)
  10 vampire magi
  4 soul eaters
  18 deep elf knights
  5 skysharks
  Urug (Lair:4)
  A skyshark (shapeshifter) (Depths:3)
  A sun demon (Depths:1)
  A sun moth (Spider:4)
  8 iron trolls
  5 flayed ghosts
  4 spriggan druids
  9 goliath frogs
  A quicksilver dragon simulacrum (Depths:3)
  22 skeletal warriors
  10 pharaoh ants
  A bunyip zombie (Crypt:3)
  79 deep trolls
  3 glowing orange brains
  12 swamp dragons
  11 orb spiders
  An orange crystal statue (IceCv)
  3 shadow demons
  Pikel (D:7)
  2 anaconda zombies
  9 deep elf archers
  7 orc knights
  4 bog bodies
  A sphinx zombie (Depths:1)
  19 ironbound convokers
  5 necromancers
  An anaconda skeleton (Crypt:1)
  3 lindwurms
  3 steelbarb worms
  13 phantasmal warriors
  17 deep elf zephyrmancers
  3 bunyip skeletons (Crypt:3)
  3 wizards
  30 deep elf pyromancers
  A broodmother zombie (Crypt:1)
  35 ugly things
  A glowing shapeshifter (Vaults:3)
  A wolf spider zombie (Crypt:2)
  A mana viper (shapeshifter) (Depths:2)
  2 spectral hydras (Swamp:4)
  25 wolf spiders
  A sphinx skeleton (Crypt:1)
  A stone giant zombie (Crypt:3)
  A frost giant zombie (Depths:1)
  3 oklob plants (Swamp:4)
  A shadow dragon skeleton (Crypt:3)
  7 cyclopes
  4 centaur zombies
  A will-o-the-wisp (Swamp:3)
  A rust devil (Depths:4)
  3 moths of wrath
  A shock serpent zombie (Crypt:3)
  26 elephants
  2 black mambas (Lair:3)
  9 demonic crawlers
  An eye of devastation (shapeshifter) (D:13)
  An orange demon (Depths:4)
  4 torpor snails
  15 vault sentinels
  Maggie (D:7)
  19 cane toads
  A cane toad (shapeshifter) (Elf:1)
  A dire elephant skeleton (Crypt:3)
  A catoblepas zombie (Crypt:1)
  3 gargoyles
  Psyche (D:9)
  4 kobold demonologists
  An unseen horror zombie (Crypt:3)
  An efreet (D:14)
  9 komodo dragons
  28 yaktaurs
  12 rime drakes
  5 tengu conjurers
  3 hydra zombies (Swamp:4)
  6 death drake zombies (Swamp:4)
  A tormentor (Depths:4)
  A troll (shapeshifter) (D:13)
  A merfolk (D:15)
  A guardian mummy (Crypt:3)
  2 freezing wraiths (Crypt:1)
  10 trolls
  A meliai (shapeshifter) (Depths:1)
  A bloated husk (Swamp:1)
  8 hornets
  4 meliai
  A queen bee (shapeshifter) (D:15)
  19 tarantellas
  11 polar bears
  A tarantella (shapeshifter) (D:13)
  A hornet (shapeshifter) (D:15)
  9 tyrant leeches
  2 death drake skeletons (Swamp:4)
  A hydra skeleton (Swamp:4)
  A blink frog (shapeshifter) (Elf:1)
  28 blink frogs
  4 dream sheep
  A flying skull (Crypt:3)
  A culicivora (shapeshifter) (D:13)
  32 slime creatures
  A slime creature (shapeshifter) (Vaults:3)
  23 jumping spiders
  An alligator zombie (Crypt:1)
  Sigmund (D:4)
  4 spriggans
  5 air elementals
  3 shadows
  8 wraiths
  3 vampires
  A ynoxinul (Depths:4)
  A fire dragon skeleton (Crypt:1)
  3 water elementals
  22 culicivoras
  3 wyverns
  2 hogs
  An alligator skeleton (Crypt:3)
  7 basilisks
  44 yaks
  2 fire elementals
  21 vampire mosquitoes
  2 humans (Lair:4)
  2 steam dragons
  A chaos spawn (Depths:4)
  A spriggan simulacrum (Depths:1)
  66 redbacks
  2 wargs
  12 swamp worms
  A two-headed ogre zombie (Crypt:3)
  A skyshark zombie (Crypt:2)
  4 hydra simulacra (Swamp:4)
  An acid dragon (D:10)
  2 floating eyes
  2 hell hounds (Lair:1)
  13 water moccasins
  A merfolk skeleton (Crypt:3)
  2 ice beasts (D:7)
  12 orc warriors
  A swamp dragon zombie (Swamp:4)
  A swamp drake (shapeshifter) (Vaults:2)
  5 black bears
  A swamp drake (Swamp:1)
  4 sky beasts
  12 wolves (Lair:2)
  23 ogres
  3 boggarts
  11 centaurs
  An elephant skeleton (Crypt:2)
  3 phantoms
  2 elf zombies (Ossuary)
  A lemure (D:7)
  A kobold brigand (D:8)
  Blork the orc (D:5)
  11 bullfrogs
  A gnoll sergeant (D:9)
  2 scorpions
  13 necrophages
  3 earth elementals
  4 wights (D:9)
  4 killer bees (D:10)
  A raiju skeleton (Crypt:1)
  A shapeshifter skeleton (Crypt:1)
  3 electric eels
  4 howler monkeys
  3 spriggan skeletons
  A human zombie (Ossuary)
  6 hounds
  A bullfrog zombie (Crypt:2)
  10 orc priests
  Crazy Yiuf (D:7)
  A gnoll bouda (D:9)
  A sleepcap (D:5)
  3 iguanas
  12 orc wizards
  A tengu skeleton (Crypt:3)
  16 mummies
  6 gnolls (D:9)
  8 adders
  2 shadow imps
  A white imp (D:7)
  5 ufetubi
  3 adder zombies
  2 worms
  2 dart slugs (D:1)
  31 orcs
  3 bats (D:2)
  6 endoplasms
  A giant cockroach (D:4)
  3 hobgoblins
  4 jackals (D:4)
  3 quokkas
  7 ball pythons
  A ball python zombie (Crypt:2)
  6 frilled lizards
  7 goblins
  3 goblin zombies (Ossuary)
  7 hobgoblin zombies
  A jackal skeleton (Crypt:1)
  2 jackal zombies (Ossuary)
  13 kobolds
  9 kobold zombies (Ossuary)
  An orc skeleton (Crypt:1)
  13 orc zombies (Ossuary)
  6 rats
  A river rat zombie (Crypt:2)
1835 creatures vanquished.

Vanquished Creatures (others)
  A deep elf knight (Elf:1)
  A rime drake (IceCv)
  3 bloated husks
  A wraith (D:9)
  2 ogres (Orc:2)
  A bullfrog (D:8)
  An orc wizard (Orc:1)
  A bush (Depths:4)
  2 foxfires (Swamp:3)
  34 fungi
  143 plants
  6 withered plants
196 creatures vanquished.

Grand Total: 2031 creatures vanquished

Table legend:
 A = Non-vault XP
 B = Vault XP
 C = Vault XP percentage of total XP
 D = Non-vault monster count
 E = Vault monster count
 F = Vault count percentage of total count
                 A         B        C        D         E       F
            +---------+---------+-------+---------+---------+-------
      Total |  634093 |  361454 |  36.3 |    1257 |     580 |  31.6
            +---------+---------+-------+---------+---------+-------
        D:1 |      18 |       0 |   0.0 |      11 |       0 |   0.0
        D:2 |      54 |       0 |   0.0 |      24 |       0 |   0.0
        D:3 |     148 |      51 |  25.6 |      17 |       1 |   5.6
        D:4 |     150 |     249 |  62.4 |      14 |       5 |  26.3
        D:5 |     203 |     537 |  72.6 |       7 |      12 |  63.2
        D:6 |     464 |       0 |   0.0 |       8 |       0 |   0.0
        D:7 |     978 |    1129 |  53.6 |      15 |       3 |  16.7
        D:8 |     995 |       0 |   0.0 |      15 |       0 |   0.0
        D:9 |    1598 |     707 |  30.7 |      23 |       3 |  11.5
       D:10 |    3004 |     693 |  18.7 |      19 |       3 |  13.6
       D:11 |    2546 |       0 |   0.0 |       8 |       0 |   0.0
       D:12 |    5350 |       0 |   0.0 |      22 |       0 |   0.0
       D:13 |    5637 |   13772 |  71.0 |      20 |      25 |  55.6
       D:14 |    9786 |       0 |   0.0 |      17 |       0 |   0.0
       D:15 |    5188 |    2134 |  29.1 |      15 |       4 |  21.1
     Lair:1 |    6006 |     299 |   4.7 |      26 |       2 |   7.1
     Lair:2 |   11247 |    2033 |  15.3 |      39 |      10 |  20.4
     Lair:3 |   12842 |    2108 |  14.1 |      28 |       4 |  12.5
     Lair:4 |   11550 |    5215 |  31.1 |      33 |      10 |  23.3
     Lair:5 |   14512 |   11477 |  44.2 |      40 |      34 |  45.9
    Swamp:1 |   14510 |    1532 |   9.5 |      31 |       4 |  11.4
    Swamp:2 |    7795 |    2270 |  22.6 |      14 |       1 |   6.7
    Swamp:3 |   10851 |       0 |   0.0 |      17 |       0 |   0.0
    Swamp:4 |    8204 |   30707 |  78.9 |      13 |      47 |  78.3
   Spider:1 |   18124 |    6948 |  27.7 |      56 |      13 |  18.8
   Spider:2 |   10152 |       0 |   0.0 |      34 |       0 |   0.0
   Spider:3 |   13492 |   11653 |  46.3 |      39 |      18 |  31.6
   Spider:4 |    8548 |   18020 |  67.8 |      23 |      29 |  55.8
      Orc:1 |     994 |       0 |   0.0 |      14 |       0 |   0.0
      Orc:2 |    2765 |   16274 |  85.5 |      24 |      35 |  59.3
      Elf:1 |   17385 |    5034 |  22.5 |      32 |       9 |  22.0
      Elf:2 |   18188 |    3311 |  15.4 |      29 |       4 |  12.1
      Elf:3 |   19199 |   28011 |  59.3 |      29 |      25 |  46.3
   Vaults:1 |   24485 |   15995 |  39.5 |      33 |      24 |  42.1
   Vaults:2 |   35919 |   17393 |  32.6 |      51 |      20 |  28.2
   Vaults:3 |   30795 |   35015 |  53.2 |      46 |      46 |  50.0
   Vaults:4 |   19319 |   28076 |  59.2 |      24 |      35 |  59.3
    Crypt:1 |   35220 |   10304 |  22.6 |      58 |       5 |   7.9
    Crypt:2 |   37528 |    4815 |  11.4 |      53 |       2 |   3.6
    Crypt:3 |   35591 |   19283 |  35.1 |      49 |      23 |  31.9
   Depths:1 |   41233 |    7567 |  15.5 |      52 |      12 |  18.8
   Depths:2 |   33467 |   12731 |  27.6 |      40 |      14 |  25.9
   Depths:3 |   33160 |    4820 |  12.7 |      37 |       5 |  11.9
   Depths:4 |   64893 |   18153 |  21.9 |      58 |      16 |  21.6
    Ossuary |       0 |     320 | 100.0 |       0 |      39 | 100.0
      IceCv |       0 |   22818 | 100.0 |       0 |      38 | 100.0
            +---------+---------+-------+---------+---------+-------

Illustrated notes

Table legend:
 A = Kills in this place as a percentage of kills in the entire game.
 B = Kills by you in this place as a percentage of kills by you in the entire game.
 C = Kills by friends in this place as a percentage of kills by friends in the entire game.
 D = Other kills in this place as a percentage of other kills in the entire game.
 E = Experience gained in this place as a percentage of experience gained in the entire game.
 F = Experience gained in this place divided by the number of levels of this place that you have seen.
                   A       B       C       D       E      F
               +-------+-------+-------+-------+-------+----------------------
         Total | 100.0 | 100.0 |   N/A | 100.0 | 100.0 | 21181.9
       Dungeon |  15.8 |  15.8 |   N/A |  40.0 |   5.6 | 3692.7
          Lair |  12.3 |  12.3 |   N/A |   0.0 |   7.8 | 15457.8
         Swamp |   6.9 |   6.9 |   N/A |  20.0 |   7.6 | 18967.2
   Spider Nest |  11.5 |  11.6 |   N/A |   0.0 |   8.7 | 21734.2
  Orcish Mines |   4.0 |   4.0 |   N/A |   0.0 |   2.0 | 10016.5
   Elven Halls |   7.0 |   6.9 |   N/A |  20.0 |   9.2 | 30376.0
        Vaults |  15.2 |  15.2 |   N/A |   0.0 |  20.8 | 51749.2
         Crypt |  10.3 |  10.4 |   N/A |   0.0 |  14.3 | 47580.3
        Depths |  12.7 |  12.8 |   N/A |   0.0 |  21.7 | 54006.0
       Ossuary |   2.1 |   2.1 |   N/A |   0.0 |   0.0 | 320.0
      Ice Cave |   2.1 |   2.0 |   N/A |  20.0 |   2.3 | 22818.0
               +-------+-------+-------+-------+-------+----------------------

Table legend: (Time is in decaauts)
 A = Elapsed time spent in this place.
 B = Non-inter-level travel time spent in this place.
 C = Inter-level travel time spent in this place.
 D = Time resting spent in this place.
 E = Time spent auto-exploring this place.
 F = Levels seen in this place.
 G = Mean time per level.
                   A        B        C        D        E       F      G
               +--------+--------+--------+--------+--------+-----+--------+
         Total |  53394 |  49407 |   3987 |   8349 |  27691 |  47 | 1136.0 |
       Dungeon |  14255 |  12980 |   1275 |   1211 |  10011 |  15 |  950.3 |
        Temple |    165 |    148 |     17 |      0 |    115 |   1 |  165.0 |
          Lair |   6151 |   5581 |    570 |    924 |   3428 |   5 | 1230.2 |
         Swamp |   3540 |   3251 |    289 |    822 |   1368 |   4 |  885.0 |
   Spider Nest |   5916 |   5372 |    544 |   1610 |   2330 |   4 | 1479.0 |
  Orcish Mines |   2418 |   1958 |    460 |    581 |    965 |   2 | 1209.0 |
   Elven Halls |   3132 |   2922 |    210 |    474 |   1169 |   3 | 1044.0 |
        Vaults |   6228 |   5904 |    324 |    580 |   3697 |   4 | 1557.0 |
         Crypt |   3630 |   3496 |    134 |    738 |   1378 |   3 | 1210.0 |
        Depths |   6464 |   6305 |    159 |   1197 |   2957 |   4 | 1616.0 |
       Ossuary |    653 |    653 |      0 |     14 |     97 |   1 |  653.0 |
      Ice Cave |    835 |    835 |      0 |    195 |    174 |   1 |  835.0 |
               +--------+--------+--------+--------+--------+-----+--------+

Top non-repeatable levels by time:
Depths:4: 2588 daAuts
Spider:3: 1912 daAuts
  Lair:2: 1749 daAuts
Vaults:1: 1718 daAuts
Vaults:3: 1678 daAuts
Spider:1: 1658 daAuts
Vaults:4: 1624 daAuts
   Orc:2: 1593 daAuts
 Crypt:3: 1512 daAuts
     D:9: 1501 daAuts
Depths:1: 1339 daAuts
  Lair:3: 1330 daAuts
    D:10: 1329 daAuts
     D:7: 1315 daAuts
Depths:2: 1311 daAuts
